 Dungeon Crawl Stone Soup version 0.30.1-4-g462c640d31 (webtiles) character file.

Game seed: 9849867664371751312

2252 spardeous the Grasshopper (level 8, -4/57 HPs)
             Began as a Demigod Conjurer on Aug 14, 2023.
             Shot with a bolt by an orc warrior (17 damage)
             ... in a bailey.
             The game lasted 00:12:29 (9132 turns).

spardeous the Grasshopper (Demigod Conjurer)        Turns: 9132, Time: 00:12:30

Health: -4/57      AC:  6    Str: 12    XL:     8   Next: 93%
Magic:  9/18       EV: 10    Int: 24    God:
Gold:   280        SH:  0    Dex: 12    Spells: 6/16 levels left

rFire   + . .        g - +2 dagger (venom)
rCold   . . .        (no shield)
rNeg    . . .        w - +0 ring mail
rPois   +            (no helmet)
rElec   .            (no cloak)
rCorr   .            (no gloves)
SInv    .            x - +0 pair of boots
Will    .....        (no amulet)
Stlth   +            z - ring of poison resistance
HPRegen 0.29/turn    B - ring of protection from fire
MPRegen 0.16/turn

%: no passive effects
@: no status effects
A: high MP 1, forlorn, divine attributes
a: no special abilities


You were in a bailey.
You visited 1 branch of the dungeon, and saw 7 of its levels.
You also visited: Bailey.

You collected 388 gold pieces.
You spent 108 gold pieces at shops.

Inventory:

Hand Weapons
 g - a +2 dagger of venom (weapon)
Missiles
 l - a throwing net
Armour
 a - a +0 robe
 c - a +0 pair of boots
 f - an orb of light
 w - a +0 ring mail (worn)
 x - a +0 pair of boots (worn)
 H - an orb of wrath
Jewellery
 z - a ring of poison resistance (left hand)
 B - a ring of protection from fire (right hand)
 F - a ring of positive energy
Wands
 o - a wand of flame (11)
 y - a wand of paralysis (14)
Scrolls
 d - 2 scrolls of poison
 e - 5 scrolls of amnesia
 h - 5 scrolls of teleportation
 i - a scroll of immolation {unknown}
 j - a scroll of noise {unknown}
 k - 2 scrolls of magic mapping {unknown}
 r - a scroll of enchant weapon {unknown}
 s - a scroll of vulnerability
 t - 3 scrolls of fog
 v - a scroll of enchant armour {unknown}
 A - a scroll of silence
 G - a scroll of brand weapon
Potions
 b - a potion of magic
 m - 2 potions of attraction {unknown}
 n - 2 potions of curing {unknown}
 p - 4 potions of flight {unknown}
 q - a potion of ambrosia {unknown}
 u - a potion of haste {unknown}
 C - a potion of brilliance {unknown}
 D - a potion of lignification {unknown}
 E - 2 potions of heal wounds {unknown}


   Skills:
 - Level 1.7 Dodging
 - Level 1.7 Stealth
 + Level 4.6 Spellcasting
 - Level 6.6 Conjurations
 - Level 7.5 Translocations
 - Level 3.3 Earth Magic


You had 6 spell levels left.
You knew the following spells:

 Your Spells              Type           Power      Damage    Failure   Level
a - Magic Dart            Conj           100%       1d8       1%          1
b - Searing Ray           Conj           74%        2d7       1%          2
c - Iskenderun's Mystic   Conj/Tloc      39%        2d9       11%         4
d - Stone Arrow           Conj/Erth      58%        3d10      9%          3

Your spell library contained the following spells:

 Spells                   Type           Power      Damage    Failure   Level
 Blink                    Tloc           82%        N/A       1%          2
 Lesser Beckoning         Tloc           82%        N/A       1%          2
 Momentum Strike          Conj/Tloc      78%        3d10      1%          2
 Sandblast                Erth           42%        2d11      5%          1
 Passwall                 Tmut/Erth      10%        N/A       16%         2
 Dazzling Flash           Conj/Hex       42%        N/A       16%         3
 Fulminant Prism          Conj/Hex       10%        3d8       47%         4
 Summon Guardian Golem    Hex/Summ       5%         N/A       54%         3
 Agony                    Necr           5%         N/A       99%         5
 Silence                  Hex/Air        2%         N/A       99%         5
 Orb of Destruction       Conj           18%        9d8       100%        7
 Spellforged Servitor     Conj/Summ      10%        N/A       100%        7


Dungeon Overview and Level Annotations

Branches:
Dungeon (7/15)             Temple (0/1) D:6          Bailey (1/1)

Shops:
D:4 *   D:6 *   D:7 ?

Annotations:
D:4 1 runed translucent door, Crazy Yiuf


Innate Abilities, Weirdness & Mutations

You have an increased reservoir of magic. (+10% MP)
You shall have no god before yourself.
Your divine heritage dramatically boosts your attributes as you level up.


Message History

You start resting.
An orc warrior comes into view. It is wielding a +0 arbalest.
You regained 4 hp, and now have 15/57 hp.
You regained 2 mp, and now have 4/18 mp.
The orc warrior shouts!
You enter the shallow water.
Moving in this stuff is going to be slow.
Things that are here:
a +0 arbalest; a +0 scale mail; an orc corpse
Things that are here:
a +0 arbalest; a +0 scale mail; an orc corpse The orc warrior shoots a bolt.
The bolt hits you.
* * * LOW HITPOINT WARNING * * *
You take 3 damage, and have 16/57 hp.
Things that are here:
a +0 arbalest; a +0 scale mail; an orc skeleton You start resting.
An orc warrior is nearby!
Things that are here:
a +0 arbalest; a +0 scale mail; an orc corpse The orc warrior shoots a bolt.
The bolt hits you!
* * * LOW HITPOINT WARNING * * *
You take 11 damage, and have 12/57 hp.
Casting: Stone Arrow (dangerous; 9% risk of failure)
Confirm with . or Enter, or press ? or * to list all spells.
You can't see any susceptible monsters within range! (Use Z to cast anyway.)
The orc warrior shoots a bolt.
The bolt hits you.
* * * LOW HITPOINT WARNING * * *
Casting: Stone Arrow (dangerous; 9% risk of failure)
Confirm with . or Enter, or press ? or * to list all spells.
You can't see any susceptible monsters within range! (Use Z to cast anyway.)
The orc warrior shoots a bolt.
The bolt barely misses you.
Casting: Stone Arrow (dangerous; 9% risk of failure)
Confirm with . or Enter, or press ? or * to list all spells.
Aiming: Stone Arrow (dangerous; 9% risk of failure)
Press: ? - help, Shift-Dir - straight line, f - orc warrior
Aim: an orc warrior, wielding a +0 arbalest and wearing a +0 scale mail (64% to hit)
The stone arrow misses the orc warrior.
The orc warrior shoots a bolt.
The bolt hits you!
You die...

#.....~~~~~~~#
#...).~~~~~~~#
#.....~~~~~~~#
#.....~)~~~~~##
#.....~~~~~~~~#
#.....~~~~~~~~##
#.....~~~~~~~~~##
#.....~≈≈~≈≈≈~~~#### #
#....@≈≈#.##≈~~~~~~###
#.....≈##.∩#≈~~~~~~~~~
#.....≈#....)~~~~~~~~~
#.....≈##.##≈~~~~~~~~~
#...)o≈≈###≈≈~~~~~~)~~
#.....~≈≈≈≈≈~~~~~~~~~~
#.....................
#.....................
#.....................


You could see an orc warrior.

Vanquished Creatures
  3 orc warriors (Bailey)
  An ice beast (D:6)
  2 sky beasts
  A black bear (D:6)
  An ogre (D:6)
  A centaur (D:5)
  3 lemures
  A kobold brigand (D:7)
  3 scorpions
  A howler monkey (D:6)
  An orc priest (D:6)
  2 hounds (D:5)
  2 jellies (D:6)
  2 iguanas
  2 sleepcaps (D:6)
  3 orc wizards
  Ijyb (D:3)
  Natasha (thrice) (D:2)
  4 adders
  16 gnolls
  A shadow imp (D:5)
  A white imp (D:6)
  2 worms
  5 dart slugs
  27 orcs
  3 bats
  6 endoplasms
  A giant cockroach (D:3)
  12 goblins
  4 hobgoblins
  3 jackals (D:1)
  8 kobolds
  8 quokkas
  7 ball pythons
  6 frilled lizards
  3 rats
150 creatures vanquished.

Vanquished Creatures (others)
  Pikel (D:4)
1 creature vanquished.

Grand Total: 151 creatures vanquished

Notes
Turn   | Place    | Note
-------+----------+-------------------------------------------
     0 | D:1      | spardeous the Demigod Conjurer began the quest for the Orb.
     0 | D:1      | Reached XP level 1. HP: 14/14 MP: 5/5
   276 | D:1      | Reached XP level 2. HP: 19/20 MP: 0/7
  1000 | D:1      | Reached XP level 3. HP: 26/26 MP: 7/9
  1448 | D:2      | Learned a level 2 spell: Searing Ray
  1746 | D:2      | Reached XP level 4. HP: 33/33 MP: 7/11
  2047 | D:2      | Noticed Natasha
  2053 | D:2      | Killed Natasha
  2367 | D:2      | Learned a level 4 spell: Iskenderun's Mystic Blast
  2471 | D:2      | Noticed Natasha
  2476 | D:2      | Killed Natasha
  2477 | D:2      | Reached skill level 5 in Conjurations
  2477 | D:2      | Reached XP level 5. HP: 37/38 MP: 5/13
  2967 | D:2      | Noticed Natasha
  2970 | D:2      | Killed Natasha
  3456 | D:3      | Noticed Ijyb
  3461 | D:3      | Killed Ijyb
  4380 | D:4      | Reached XP level 6. HP: 45/45 MP: 7/15
  4925 | D:4      | Found Geja's Assorted Antiques.
  5236 | D:4      | Found a runed translucent door.
  5237 | D:4      | Noticed Crazy Yiuf
  5361 | D:4      | Learned a level 3 spell: Stone Arrow
  5390 | D:5      | Entered Level 5 of the Dungeon
  5769 | D:5      | Reached skill level 1 in Earth Magic
  5910 | D:5      | Reached XP level 7. HP: 37/50 MP: 7/16
  6228 | D:5      | Noticed Pikel
  6236 | D:5      | Paralysed by Pikel for 2 turns
  6585 | D:4      | Killed Pikel
  6586 | D:4      | Reached skill level 4 in Translocations
  6586 | D:4      | Reached XP level 8. HP: 21/57 MP: 2/17
  7085 | D:6      | Reached skill level 5 in Translocations
  7154 | D:6      | Found Uhunn's Overcharged Wands.
  7306 | D:6      | Found a staircase to the Ecumenical Temple.
  7551 | D:6      | Reached skill level 6 in Translocations
  8138 | D:7      | Found Gutuw's Magic Scroll Shoppe.
  8145 | D:7      | Bought a scroll of identify for 24 gold pieces
  8145 | D:7      | Bought a scroll of teleportation for 36 gold pieces
  8145 | D:7      | Bought a scroll of amnesia for 48 gold pieces
  8161 | D:7      | Reached skill level 7 in Translocations
  8339 | D:7      | Found a flagged portal.
  8348 | Bailey   | Entered a bailey
  9132 | Bailey   | Shot with a bolt by an orc warrior

Illustrated notes

Levels and vault maps discovered:
D:1:      minmay_arrival_checkered_box, layout_basic, minmay_misc_feat_cross
D:2:      layout_loops_ring, uniq_natasha
D:3:      layout_basic, nicolae_hepliaklqana_hazy_memory,
          shapermc_ecumenical_altar_acropolis, minmay_statues_item,
          grunt_ministairs_12, uniq_ijyb
D:4:      layout_basic, fiery_altar_vehumet, serial_shops, shop, hex_large,
          uniq_crazy_yiuf_cottage
D:5:      layout_rooms, nicolae_qazlal_beasts_of_the_sky,
          mainiacjoe_overflow_cross_hatched, uniq_pikel
D:6:      layout_basic, minmay_temple_entry_proselytizer,
          nicolae_shop_overcharged_wands
D:7:      layout_basic, mainiacjoe_overflow_concentric_impassable,
          enter_bailey_3, serial_shops, nicolae_shop_just_a_little_nook,
          minmay_liquid_box
Bailey:   bailey_polearm_2, bailey

Skill      XL: |  1  2  3  4  5  6  7  8 |
---------------+-------------------------+-----
Spellcasting   | 2 3 4 |  4.6
Conjurations   | 4 5 6 |  6.6
Earth Magic    | 2 3 |  3.3
Translocations | 4 7 |  7.5
Dodging        | |  1.7
Stealth        | |  1.7

Action                     |  1- 3 |  4- 6 |  7- 9 || total
---------------------------+-------+-------+-------++-------
  Melee: Dagger            |       |     2 |    11 ||    13
   Cast: Magic Dart        |    86 |    65 |    59 ||   210
         Searing Ray       |     1 |    39 |    16 ||    56
         Stone Arrow       |       |       |    38 ||    38
    Use: Scroll            |       |       |     5 ||     5
 Armour: Robe              |     2 |    10 |       ||    12
         Ring mail         |       |    14 |    15 ||    29
  Dodge: Dodged            |    12 |    24 |    48 ||    84
